Map: Frozen Temple

Players

blackxored - Winner!

  • Race: Zerg Zerg
  • League: Diamond

DroneRusher

  • Race: Zerg Zerg
  • League: Platinum

VOD

Have the link to the VOD?

Description

Time

  • Played on: July 1, 2016, 8:22 a.m.
  • Length: 8:21
Show
View Real Time Build Order
Export as new Build Order

blackxored Zerg - Winner!

Build Orders: Hatch First 

Get SALT Encoding   

  12  0:01  Drone  
  13  0:09  Drone  
  14  0:17  Overlord  
  14  0:23  Extractor  
  14  0:24  Drone  
  15  0:37  Drone x2  
  17  0:54  Hatchery  
  16  0:57  Drone  
  16  1:00  Drone  
  18  1:12  Extractor  
  18  1:16  Spawning Pool  
  18  1:17  Drone  
  17  1:20  Drone  
  18  1:27  Drone  
  19  1:38  Overlord  
  19  1:49  Drone  
  20  2:04  Spine Crawler  
  20  2:05  Zergling x2  
  20  2:06  Queen  
  20  2:07  Queen  
  20  2:08  Zergling x2  
  25  2:13  Metabolic Boost  
  25  2:16  Zergling x2  
  26  2:24  Zergling x4  
  29  2:40  Baneling Nest  
  28  2:51  Drone  
  28  2:55  Drone  
  28  2:56  Drone x2  
  32  2:59  Drone  
  32  3:02  Drone  
  32  3:05  Hatchery  
  32  3:19  Drone x3  
  36  3:20  Drone  
  36  3:22  Overlord  
  36  3:26  Overlord  
  36  3:34  Lair  
  36  3:42  Baneling x2  
  36  3:46  Drone x4  
  36  3:47  Drone  
  41  3:50  Drone  
  41  4:08  Zergling x12  
  45  4:12  Baneling  
  45  4:15  Queen  
  47  4:20  Zergling x6  
  49  4:29  Baneling  
  49  4:32  Drone  
  49  4:33  Drone x4  
  49  4:36  Extractor  
  49  4:37  Extractor  
  52  4:44  Drone x3  
  55  4:47  Extractor  
  55  4:51  Queen  
  52  4:59  Baneling x3  
  52  5:00  Drone x3  
  52  5:01  Drone  
  52  5:04  Drone  
  57  5:08  Overlord  
  57  5:09  Overlord  
  57  5:19  Spire  
  57  5:20  Drone  
  57  5:21  Overlord  
  57  5:25  Queen  
  57  5:26  Baneling x2  
  57  5:27  Baneling  
  59  5:30  Zergling x16  
  65  5:59  Zergling x26  
  73  6:51  Mutalisk x4  
  73  6:52  Mutalisk  
  81  6:54  Overlord x4  
  77  7:21  Mutalisk x4  
  77  7:22  Mutalisk x2  
  83  7:36  Drone x17  
  100  7:43  Baneling x2  
  100  7:52  Evolution Chamber  
  100  7:53  Infestation Pit  
  98  8:00  Evolution Chamber  
  105  8:13  Hatchery  
Show
View Real Time Build Order
Export as new Build Order

DroneRusher Zerg 

Build Orders: Pool First 

Get SALT Encoding   

  12  0:01  Drone  
  13  0:09  Drone  
  14  0:27  Spawning Pool  
  13  0:30  Drone  
  13  0:34  Extractor  
  13  0:36  Drone  
  14  0:46  Extractor, Drone  
  15  1:09  Hatchery  
  14  1:17  Overlord  
  14  1:23  Extractor  
  14  1:24  Drone  
  15  1:34  Baneling Nest  
  15  1:38  Zergling x2  
  15  1:52  Queen  
  17  2:01  Drone  
  18  2:02  Drone  
  18  2:06  Drone  
  20  2:15  Metabolic Boost  
  20  2:18  Baneling  
  20  2:20  Baneling  
  20  2:26  Drone  
  20  2:28  Zergling x2  
  22  2:32  Drone  
  23  2:37  Drone  
  23  2:40  Drone  
  25  2:47  Drone x2  
  27  2:55  Drone  
  28  2:59  Spine Crawler  
  28  3:03  Overlord  
  27  3:06  Drone  
  27  3:18  Overlord  
  27  3:25  Roach Warren  
  27  3:26  Drone  
  27  3:28  Extractor  
  27  3:29  Drone  
  27  3:30  Drone  
  28  3:35  Baneling  
  28  3:36  Baneling, Drone  
  29  3:43  Drone x2  
  29  3:47  Zergling x2  
  29  3:48  Zergling x2  
  33  3:53  Drone x2  
  35  4:07  Zergling x2  
  35  4:08  Zergling x6  
  39  4:12  Queen  
  39  4:13  Drone  
  42  4:19  Zergling x2  
  42  4:21  Drone  
  43  4:25  Lair  
  42  4:50  Zergling x2  
  39  4:58  Baneling  
  39  4:59  Roach  
  42  5:00  Roach x2  
  42  5:03  Overlord  
  44  5:25  Roach x4  
  52  5:30  Hatchery  
  50  5:48  Roach  
  51  6:03  Zergling x2  
  51  6:04  Overlord  
  52  6:13  Overlord  
  46  6:26  Glial Reconstitution, Spire  
  46  6:29  Drone  
  46  6:30  Drone x5  
  47  6:34  Zergling x2  
  47  6:38  Evolution Chamber  
  43  6:40  Spine Crawler  
  43  6:45  Spine Crawler  
  41  6:54  Zergling x2, Baneling x2  
  41  6:55  Zergling x4  
  41  7:00  Zergling x4  
  41  7:01  Zergling x4  
  41  7:27  Roach x4  
  41  7:28  Roach  
  47  7:32  Overlord  
  47  7:39  Mutalisk  
  47  7:40  Mutalisk  
  47  7:43  Baneling  
  51  7:44  Baneling x3  
  51  7:48  Mutalisk  
  51  7:51  Mutalisk  
  55  8:00  Spore Crawler  
  55  8:03  Spore Crawler x2  
  55  8:04  Spore Crawler  
  51  8:06  Spore Crawler  
Tags
 
Add a new tag
Caveats
  • Supply blocks, unpowered buildings, or Contaminate may cause inaccurate times.
  • Supply counts are checked every 10 seconds.